AoeStats
← GRERREIRO TOP

MegaRandom

511072107Analyzed
4v4 RM · 7h ago on Oct 3, 2026· 50m 17s· 8 players
Game mode
Random Map
Map size
Large (8 player)
Population
200
Speed
Normal
Resources
Standard
Victory
Conquest
Starting age
Dark Age
Ending age
Imperial Age
RankedLock teamsTeams togetherTeam positionsShared explorationLock speedFull tech treeHidden civsTurbo modeCheats
Victory
Defeat
🇨🇳 Berbers · China
1521
+11
🇨🇳 Mongols · China
1411
+15
🇭🇰 Danes · Hong Kong SAR China
1345
+18
🇨🇳 Poles · China
1224
+22
🇧🇷 Danes · Brazil
1623
-25
🇹🇼 Poles · Taiwan
1369
-16
🇨🇳 Lithuanians · China
1362
-16
🇧🇷 Magyars · Brazil
1193
-9
Nomore
10:45 Feudal Age
10:54 Loom
12:34 Double-Bit Axe
12:32 Horse Collar
14:01 Bloodlines
14:02 Scale Barding Armor
15:52 Bloodlines
23:34 Castle Age
25:02 Husbandry
25:25 Chain Barding Armor
26:06 Forging
25:53 Town Watch
32:37 Wheelbarrow
39:10 Wheelbarrow
42:52 Elite Skirmisher
45:01 Padded Archer Armor
44:52 Fletching
50:55 Imperial Age
48:47 Hand Cart
49:55 Ballistics
49:16 Treadmill Crane
GRERREIRO TOP
10:49 Feudal Age
11:11 Horse Collar
11:20 Double-Bit Axe
18:54 Castle Age
17:30 Scale Barding Armor
18:04 Bloodlines
18:11 Fletching
18:19 Gold Mining
20:35 Wheelbarrow
19:45 Town Watch
26:44 Husbandry
28:50 Hand Cart
28:36 Town Patrol
31:06 Bodkin Arrow
31:46 Chain Barding Armor
34:38 Loom
36:50 Padded Archer Armor
39:45 Imperial Age
39:41 Corvinian Army
39:52 Elite Magyar Huszar
41:42 Conscription
42:05 Plate Barding Armor
43:56 Parthian Tactics
43:35 Recurve Bow
45:37 Ballistics
45:08 Heated Shot
46:19 Chemistry
46:14 Heavy Cavalry Archer
LSKingdom9970
8:15 Loom
10:12 Feudal Age
18:16 Castle Age
16:40 Double-Bit Axe
19:28 Scale Mail Armor
25:59 Fletching
29:30 Wheelbarrow
30:57 Squires
30:42 Arson
30:43 Gambesons
31:44 Forging
31:30 Town Watch
37:09 Imperial Age
34:56 Gold Mining
34:57 Stone Mining
37:57 Chain Mail Armor
38:35 Gold Shaft Mining
39:44 Bow Saw
44:24 Stone Shaft Mining
45:21 Horse Collar
Red
10:01 Feudal Age
11:05 Loom
12:30 Horse Collar
12:43 Double-Bit Axe
12:48 Horse Collar
13:37 Scale Barding Armor
13:42 Forging
15:33 Bloodlines
32:10 Castle Age
32:35 Light Cavalry
33:15 Husbandry
39:48 Chain Barding Armor
40:52 Wheelbarrow
44:03 Hand Cart
49:12 Heavy Plow
虎头彪
7:03 Loom
10:00 Feudal Age
10:44 Double-Bit Axe
11:12 Horse Collar
15:17 Forging
24:07 Scale Mail Armor
29:02 Castle Age
27:38 Scale Barding Armor
29:05 Pikeman
30:23 Chain Mail Armor
31:46 Squires
33:04 Iron Casting
37:26 Wheelbarrow
38:34 Heavy Plow
40:17 Hand Cart
41:26 Szlachta Privileges
42:25 Bloodlines
42:16 Husbandry
42:37 Chain Barding Armor
44:11 Town Watch
47:21 Stone Mining
50:49 Imperial Age
49:10 Coinage
小公子
12:23 Feudal Age
12:14 Loom
12:28 Man-at-Arms
13:58 Horse Collar
14:29 Arson
18:02 Forging
19:25 Scale Mail Armor
24:00 Castle Age
22:24 Gold Mining
23:59 Double-Bit Axe
37:56 Gambesons
45:05 Squires
50:02 Chain Mail Armor
49:34 Gambesons
49:45 Gambesons
喜足天
7:30 Loom
9:53 Feudal Age
17:25 Castle Age
15:49 Double-Bit Axe
16:14 Horse Collar
17:03 Fletching
17:48 Gold Mining
20:14 Bodkin Arrow
21:45 Padded Archer Armor
23:07 Kasbah
25:25 Wheelbarrow
28:44 Ballistics
28:05 Treadmill Crane
29:08 Gold Shaft Mining
29:42 Leather Archer Armor
31:39 Bloodlines
39:34 Imperial Age
37:48 Hand Cart
38:33 Town Watch
39:09 Stone Mining
40:18 Bracer
40:39 Conscription
41:10 Ring Archer Armor
43:28 Chemistry
44:05 Husbandry
45:16 Maghrebi Camels
47:26 Guilds
47:22 Heavy Plow
48:00 Stone Shaft Mining
木棉求败
8:23 Loom
10:08 Feudal Age
15:25 Castle Age
22:59 Fletching
25:04 Bodkin Arrow
26:14 Padded Archer Armor
26:14 Double-Bit Axe
26:40 Horse Collar
27:26 Ballistics
27:55 Gold Mining
28:19 Heavy Plow
29:44 Wheelbarrow
30:26 Gold Shaft Mining
30:12 Stone Mining
30:43 Husbandry
31:51 Bloodlines
37:27 Imperial Age
37:03 Bow Saw
43:09 Bracer
50:44 Leather Archer Armor
Connection lost

Rejoining the realm…

Still unreachable

The connection could not be restored.

Session expired

The server has moved on; the page needs a fresh start.